 Dungeon Crawl Stone Soup version 0.20.0-15-g7f486f2 (webtiles) character file.

17 Darkell the Scratcher (level 2, 0/12 HPs)
             Began as a Felid Transmuter on June 13, 2017.
             Slain by a kobold
             ... wielding a +0 short sword
              (4 damage)
             ... on level 1 of the Dungeon.
             The game lasted 00:00:33 (867 turns).

Darkell the Scratcher (Felid Transmuter)             Turns: 867, Time: 00:00:34

Health: 0/12       AC:  1    Str:  6    XL:     2   Next: 44%
Magic:  5/6        EV: 18    Int: 14    God:
Gold:   46         SH:  0    Dex: 16    Spells: 4/5 levels left
                                        Lives:  0   Deaths: 0

rFire    . . .     SeeInvis +     - Unarmed
rCold    . . .     Gourm    .   (shield unavailable)
rNeg     . . .     Faith    .   (armour unavailable)
rPois    .         Spirit   .   (helmet unavailable)
rElec    .         Reflect  .   (cloak unavailable)
rCorr    .         Harm     .   (gloves unavailable)
MR       .....                  (boots unavailable)
Stlth    ++........             (no amulet)
Regen    0.1/turn               (no ring)
MPRegen  0.1/turn               (no ring)

@: appendage, quick
A: no armour, no weapons or thrown items, stealth, claws 1, fangs 3, horns 2,
see invisible, carnivore 3, speed 1, shaggy fur 1, slow metabolism 1, sharp paws
a: End Transformation


You were on level 1 of the Dungeon.
You were completely stuffed.
You had grown temporary horns.
You visited 1 branch of the dungeon, and saw 1 of its levels.

You collected 46 gold pieces.

Inventory:

Missiles
 a - 12 arrows
Jewellery
 d - an uncursed ring of protection from magic {unknown}
Scrolls
 g - a scroll of teleportation {unknown}
 h - a scroll of remove curse {unknown}
Potions
 e - a potion of haste {unknown}
 i - a potion of degeneration {unknown}
 j - a potion of invisibility {unknown}
Books
 b - a book of Changes

   Spells                             Type                      Level
   a - Beastly Appendage              Transmutation                1
   b - Sticks to Snakes               Transmutation                2
   c - Spider Form                    Transmutation/Poison         3
   d - Ice Form                       Ice/Transmutation            4
   e - Blade Hands                    Transmutation                5
Comestibles
 c - a meat ration
 f - a royal jelly


   Skills:
 + Level 1.2 Fighting
 + Level 3.1 Dodging
 + Level 3.5 Unarmed Combat
 - Level 2.0 Spellcasting
 + Level 2.3 Transmutations


You had 4 spell levels left.
You knew the following spells:

 Your Spells              Type           Power        Failure   Level  Hunger
a - Beastly Appendage     Tmut           #.....       9%          1    ##.....


Dungeon Overview and Level Annotations

Branches:
Dungeon (1/15)

Altars:


Innate Abilities, Weirdness & Mutations

You cannot wear armour.
You are incapable of wielding weapons or throwing items.
Your paws allow you to move quietly. (Stealth)
You have sharp claws.
You have razor-sharp teeth.
You have supernaturally acute eyesight. (SInv)
You are carnivorous and can eat meat at any time.
You cover ground quickly.
You are covered in fur. (AC +1)
You have a slow metabolism.
Your sharp claws are effective at attacking unaware monsters.
You have a pair of horns on your head.


Message History

The kobold throws a stone.
The stone barely misses you.
You barely miss the kobold. Your bite misses the kobold.
The kobold hits you with a short sword.
You closely miss the kobold. The kobold hits you with a short sword.
The rat closely misses you.
You are too injured to fight recklessly!
You are too injured to fight recklessly!
The kobold closely misses you.
You see here 3 stones.
You see here a kobold corpse.
Casting: Beastly Appendage
Confirm with . or Enter, or press ? or * to list all spells.
You grow a pair of large bovine horns.
The kobold hits you with a short sword.
Unknown command.
You scratch the kobold but do no damage.
The kobold misses you.
You closely miss the kobold. Your claw misses the kobold.
The kobold misses you.
You barely miss the kobold. The kobold hits you with a short sword.
You die...

## #. # #.##
.# #.#.##.#
#. ....#####
#.##.#......
#(@Kr.......
####.#.####.
#.# ..
#######.#
..#
#.......#.#
.#
#.###.....#
# #.#
#.........
#.#
#........#
#.#
###......#


You could see a kobold and a rat.

Vanquished Creatures
  A dart slug (D:1)
  3 bats (D:1)
  A giant cockroach (D:1)
  2 hobgoblins (D:1)
  2 frilled lizards (D:1)
  3 kobolds (D:1)
  2 rats (D:1)
14 creatures vanquished.

Notes
Turn   | Place    | Note
-------+----------+-------------------------------------------
     0 | D:1      | Darkell the Felid Transmuter began the quest for the Orb.
     0 | D:1      | Reached XP level 1. HP: 9/9 MP: 4/4
   385 | D:1      | Reached XP level 2. HP: 12/12 MP: 6/6
   867 | D:1      | Slain by a kobold

Skill      XL: |  1 |
---------------+----+-----
Dodging        | 3 |  3.1
Fighting       | |  1.2
Unarmed Combat | |  3.5
Spellcasting   | |  2.0
Transmutations | |  2.3

Action                   || total
-------------------------++-------
Melee: Unarmed           ||    52
       Bite              ||     2
 Cast: Beastly Appendage ||     1
 Stab: Sleeping          ||     2
  Eat: Chunk             ||     7
Armor: Skin              ||     7
Dodge: Dodged            ||    53
